 Dungeon Crawl Stone Soup version 0.19.0-19-g8c6edcc (webtiles) character file.

1094 BorisBritva the Ruffian (level 8, -17/60 HPs)
             Began as a Demonspawn Gladiator on Nov 13, 2016.
             Killed from afar by Menkaure (25 damage)
             ... with an exploding inner flame
             ... hexed by the player character
             ... on level 5 of the Dungeon.
             The game lasted 00:25:46 (3639 turns).

BorisBritva the Ruffian (Demonspawn Gladiator)      Turns: 3639, Time: 00:25:46

Health: -17/60     AC: 11    Str: 20    XL:     8   Next: 9%
Magic:  8/8        EV:  9    Int:  9    God:    Xom [......]
Gold:   244        SH:  2    Dex: 14    Spells: 0 memorised, 7 levels left

rFire  . . .     SeeInvis .       - Unarmed
rCold  + . .     Gourm    .     s - +0 chain mail
rNeg   . . .     Faith    .     (no shield)
rPois  +         Spirit   .     b - +0 helmet
rElec  .         Reflect  +     l - +0 cloak
rCorr  .         Harm     .     (no gloves)
MR     .....                    (no boots)
Stlth  ..........               y - +2 amulet of reflection
                                t - +4 ring of strength
                                D - ring of poison resistance

@: drained
A: talons 1, cold resistance 1, powered by death 2, weak 1
a: Renounce Religion


You were on level 5 of the Dungeon.
You worshipped Xom.
You were a very special plaything of Xom.
You were not hungry.

You visited 1 branch of the dungeon, and saw 5 of its levels.

You collected 244 gold pieces.

Inventory:

Hand Weapons
 e - a +2 morningstar
Missiles
 c - 3 throwing nets (quivered)
 u - 85 stones
Armour
 b - a +0 helmet (worn)
 l - a +0 cloak (worn)
 s - a +0 chain mail (worn)
Jewellery
 p - an uncursed amulet of magic regeneration
 r - a +3 ring of evasion
 t - a +4 ring of strength (right hand)
 y - a +2 amulet of reflection (around neck)
 D - a ring of poison resistance (left hand)
Scrolls
 a - a scroll of blinking {unknown}
 g - 3 scrolls of remove curse
 j - 3 scrolls of identify
 q - a scroll of immolation
Potions
 f - a potion of cancellation
 i - 2 potions of curing {unknown}
 m - a potion of flight {unknown}
 w - a potion of heal wounds {unknown}
 C - a potion of magic {unknown}
 G - a potion of might {unknown}
Comestibles
 d - 4 chunks of flesh
 h - 4 meat rations
 k - a slice of pizza
 A - 5 fruits
 E - a bread ration


   Skills:
 * Level 4.0(3.6) Fighting
 + Level 1.8(1.5) Throwing
 + Level 3.2(2.9) Armour
 + Level 3.4(3.0) Dodging
 + Level 7.4(7.0) Unarmed Combat


You had 7 spell levels left.
You didn't know any spells.

Dungeon Overview and Level Annotations

Branches:
Dungeon (5/15)
 Temple: D:4-7

Altars:
Fedhas
Makhleb
Qazlal
Trog
Xom
Yredelemnul

Shops:
D:5 *


Innate Abilities, Weirdness & Mutations

You have sharp toenails.
Your flesh is cold resistant. (rC+)
You regenerate health from kills.
You are weak. (Str -2)


Message History

Menkaure is heavily damaged.
Menkaure calls on the powers of darkness!
Your body is wracked with pain!
* * * LOW HITPOINT WARNING * * *
As you read the scroll of immolation, it crumbles to dust.
The creatures around you are filled with an inner flame!
You punch Menkaure! Your kick misses Menkaure.
Menkaure is severely damaged.
Menkaure calls on the powers of darkness!
Your body is wracked with pain!
* * * LOW HITPOINT WARNING * * *
You hit Menkaure. You claw Menkaure.
Menkaure is almost destroyed.
Menkaure mumbles some strange words.
Menkaure seems to speed up.
You punch Menkaure!
Menkaure explodes!
The fiery explosion engulfs you!
You die...
Xom guffaws!

* *,******...*,*
*,* *#.#*,*## *,*
#.#*,,.# *,*
#.#*##.## *,*
##.##*...###*** *,*
#...,,.....,,,* *,*
#..#**...#***,* *,*
#..####.#* *,* *,*
#....@..# *,*
*,****##.####..#
*,*
*,,,,,.........#
*,*
*****,,*###..##..##
*>* *,,,,,,*
#..##..# *,*
*,***,**
#..##..######.# *,*
#.# #.)....[......#
*,* #.#
##.##..######## #.*
#.#####.)##..##


There were no monsters in sight!

Vanquished Creatures
  Grinder (D:3)
  A human (D:4)
  An ogre (D:4)
  Blork the orc (D:5)
  A bullfrog (D:4)
  2 scorpions (D:5)
  5 wights (D:5)
  A crimson imp (D:4)
  3 hounds
  4 adders
  An ooze (D:3)
  An adder skeleton (D:5)
  A worm (D:2)
  3 dart slugs
  3 leopard geckos
  9 orcs
  9 bats
  A giant cockroach (D:1)
  7 goblins
  13 hobgoblins
  6 jackals
  4 quokkas
  3 ball pythons
  A ball python skeleton (D:5)
  5 frilled lizards
  9 kobolds
  A leopard gecko zombie (D:5)
  8 rats
105 creatures vanquished.

Vanquished Creatures (others)
  A worm (D:4)
1 creature vanquished.

Grand Total: 106 creatures vanquished

Notes
Turn   | Place    | Note
-------+----------+-------------------------------------------
     0 | D:1      | BorisBritva the Demonspawn Gladiator began the quest for the Orb.
     0 | D:1      | Reached XP level 1. HP: 16/16 MP: 1/1
   147 | D:1      | Reached skill level 3 in Unarmed Combat
   162 | D:1      | Gained mutation: You have sharp toenails. [demonic ancestry]
   162 | D:1      | Reached XP level 2. HP: 22/22 MP: 2/2
   623 | D:1      | Reached XP level 3. HP: 24/27 MP: 3/3
   919 | D:2      | Found a shimmering altar of Xom.
   938 | D:2      | Became a worshipper of Xom of Chaos
  1077 | D:2      | XOM: harmless Erth miscast
  1165 | D:2      | Gained mutation: You regenerate a little health from kills. [demonic ancestry]
  1165 | D:2      | Reached XP level 4. HP: 34/34 MP: 4/4
  1251 | D:2      | XOM: silly message
  1274 | D:2      | Reached skill level 4 in Unarmed Combat
  1393 | D:2      | XOM: god gift: 8 needles of frenzy
  1442 | D:2      | Found a bloodstained altar of Trog.
  1586 | D:2      | XOM: god gift: 10 stones
  1673 | D:3      | XOM: noise
  1731 | D:3      | Found a blossoming altar of Fedhas.
  1739 | D:3      | Reached skill level 1 in Armour
  1823 | D:3      | Noticed Grinder
  1827 | D:3      | Paralysed by Grinder for 7 turns
  1828 | D:3      | XOM: enchant monster (good)
  1848 | D:3      | XOM: swap monsters
  1851 | D:3      | Killed Grinder
  1851 | D:3      | Reached skill level 5 in Unarmed Combat
  1851 | D:3      | Gained mutation: Your flesh is cold resistant. (rC+) [demonic ancestry]
  1851 | D:3      | Reached XP level 5. HP: 29/39 MP: 5/5
  1851 | D:3      | Reached XP level 6. HP: 34/45 MP: 6/6
  1881 | D:3      | Found a stormy altar of Qazlal.
  2055 | D:3      | XOM: confusion
  2076 | D:3      | XOM: mild Summ miscast
  2227 | D:4      | XOM: confuse monster(s)
  2255 | D:4      | XOM: medium Necr miscast
  2255 | D:4      | XOM: smoke on damage
  2484 | D:4      | XOM: 1-stop teleportation journey
  2494 | D:4      | XOM: summons 1 hostile shadow creature
  2506 | D:4      | XOM is BORED!
  2506 | D:4      | XOM: chaos upgrade
  2507 | D:4      | XOM: confuse monster(s)
  2507 | D:4      | Reached skill level 6 in Unarmed Combat
  2529 | D:4      | XOM: enchant monster (good)
  2567 | D:4      | Found a burning altar of Makhleb.
  2577 | D:4      | Gained mutation: You regenerate health from kills. [demonic ancestry]
  2577 | D:4      | Reached XP level 7. HP: 51/51 MP: 7/7
  2679 | D:4      | XOM: give mutation
  2679 | D:4      | Gained mutation: Your body sometimes deteriorates upon taking damage. [Xom's mischief]
  2702 | D:4      | XOM: give mutations
  2702 | D:4      | Gained mutation: You are weak. (Str -2) [Xom's mischief]
  2702 | D:4      | Lost mutation: Your body sometimes deteriorates upon taking damage. [Xom's mischief]
  2772 | D:4      | XOM: confusion
  2882 | D:4      | Noticed a human
  2884 | D:4      | Found a runed door.
  2886 | D:4      | Found a basalt altar of Yredelemnul.
  3014 | D:4      | Killed a human
  3148 | D:4      | XOM: noise
  3194 | D:5      | Entered Level 5 of the Dungeon
  3257 | D:5      | Noticed Blork the orc
  3291 | D:5      | Killed Blork the orc
  3361 | D:5      | Found Tateg's Assorted Antiques.
  3498 | D:5      | Reached skill level 7 in Unarmed Combat
  3511 | D:5      | XOM: chaos upgrade
  3534 | D:5      | Reached XP level 8. HP: 38/60 MP: 8/8
  3616 | D:5      | Noticed Menkaure
  3639 | D:5      | Killed Menkaure
  3639 | D:5      | Killed from afar by Menkaure

Skill      XL: |  1  2  3  4  5  6  7  8 |
---------------+-------------------------+-----
Unarmed Combat | 3 5 6 7 |  7.4
Dodging        | 3 |  3.4
Armour         | 1 2 3 |  3.2
Fighting       | 3 4 |  4.0
Throwing       | |  1.8

Action                   |  1- 3 |  4- 6 |  7- 9 || total
-------------------------+-------+-------+-------++-------
Melee: Unarmed           |   171 |   169 |   136 ||   476
       Kick              |    42 |    40 |    40 ||   122
       Punch             |       |     3 |     3 ||     6
Throw: Throwing net      |       |     1 |     1 ||     2
  Use: Scroll            |       |       |    12 ||    12
 Stab: Confused          |       |     2 |       ||     2
       Paralysed         |       |     4 |       ||     4
       Held in net/web   |       |       |     2 ||     2
  Eat: Chunk             |     1 |     3 |       ||     4
       Bread ration      |       |     1 |     1 ||     2
Armor: Leather armour    |    30 |       |       ||    30
       Chain mail        |    14 |    64 |    43 ||   121
Dodge: Dodged            |    85 |   103 |    38 ||   226
Block: Other             |       |     4 |     9 ||    13
       Reflection        |       |     1 |       ||     1
